 Dungeon Crawl Stone Soup version 0.30-a0-459-g9104f0fc43 (webtiles) character file.

Game seed: 2374390396683574304

111722 jfcaron the Severer (level 16, -7/134 HPs)
             Began as a Hill Orc Hexslinger on Dec 15, 2022.
             Was the Champion of Okawaru.
             Mangled by a naga
             ... wielding a +0 dire flail
              (14 damage)
             ... on level 2 of the Snake Pit on Dec 16, 2022.
             The game lasted 01:45:45 (28705 turns).

jfcaron the Severer (Hill Orc Hexslinger)          Turns: 28705, Time: 01:45:51

Health: -7/134     AC: 43    Str: 28    XL:     16   Next: 58%
Magic:  17/23      EV: 10    Int: 17    God:    Okawaru [******]
Gold:   425        SH:  7    Dex: 11    Spells: 7/17 levels left

rFire   . . .      SeeInvis +    b - +0 broad axe (freeze)
rCold   + . .      Faith    .    t - +1 buckler of the Black Skies {rC+ Will+++ Dex-4 SInv}
rNeg    + . .      Spirit   .    N - +5 plate armour of the Poles {rCorr}
rPois   +          Reflect  .    h - +2 helmet "Arech" {Dex+4 SInv}
rElec   .          Harm     .    p - +2 cloak {Will+}
rCorr   +          Rampage  .    r - +3 pair of gloves of the Catamount {rC- rN+ Regen+}
Will    +++++      Clarity  +    A - +1 pair of boots "Dicyugoh" {Contam +Blink Str+9 Int+2}
Stlth   ..........               I - amulet of regeneration
HPRegen 2.02/turn                u - +4 ring of protection
MPRegen 0.18/turn                X - ring of poison resistance

@: lethally poisoned (-7 -> -7), heroic, finesse-ful, weakened, studying Hexes
A: clarity, cold resistance 1
a: Renounce Religion, Evoke Blink, Heroism, Finesse, Duel


You were on level 2 of the Snake Pit.
You worshipped Okawaru.
Okawaru was exalted by your worship.
You visited 5 branches of the dungeon, and saw 25 of its levels.

You collected 2607 gold pieces.
You spent 2182 gold pieces at shops.

Inventory:

Hand Weapons
 a - the +11 hand crossbow of Xobua {vorpal, rC+}
   (Okawaru gifted it to you on level 5 of the Lair of Beasts)

   Any ammunition fired from it inflicts extra damage upon your enemies.
   rC:        It protects you from cold.
 b - a +0 broad axe of freezing (weapon)
 g - a +0 war axe of electrocution
Missiles
 q - 30 poisoned darts
 w - 13 curare-tipped darts {!f}
 C - 15 boomerangs (quivered)
 V - 7 javelins
 Z - 3 silver boomerangs
Armour
 h - the +2 helmet "Arech" (worn) {Dex+4 SInv}
   (You bought it in a shop on level 6 of the Dungeon)

   Dex:       It affects your dexterity (+4).
   SInv:      It lets you see invisible.
 p - a +2 cloak of willpower (worn)
 r - the +3 pair of gloves of the Catamount (worn) {rC- rN+ Regen+}
   (You found it on level 3 of the Lair of Beasts)

   rC:        It makes you vulnerable to cold.
   rN:        It protects you from negative energy.
   Regen:     It increases your rate of health regeneration.
 t - the +1 buckler of the Black Skies (worn) {rC+ Will+++ Dex-4 SInv}
   (Okawaru gifted it to you on level 3 of the Lair of Beasts)

   Dex:       It affects your dexterity (-4).
   rC:        It protects you from cold.
   SInv:      It lets you see invisible.
   Will:      It greatly increases your willpower.
 A - the +1 pair of boots "Dicyugoh" (worn) {Contam +Blink Str+9 Int+2}
   (You found it on level 13 of the Dungeon)

   Str:       It affects your strength (+9).
   Int:       It affects your intelligence (+2).
   +Blink:    It lets you blink.
   Contam:    It causes magical contamination when unequipped.
 N - the +5 plate armour of the Poles (worn) {rCorr}
   (You bought it in a shop on level 2 of the Orcish Mines)

   rCorr:     It protects you from acid and corrosion.
Jewellery
 s - the ring of Dedweb {+Blink Will+ Int+2 Stlth+}
   (You found it on level 5 of the Lair of Beasts)

   [ring of willpower]

   Int:       It affects your intelligence (+2).
   +Blink:    It lets you blink.
   Will:      It increases your willpower.
   Stlth:     It makes you more stealthy.
 u - a +4 ring of protection (left hand)
 y - a ring of fire
 I - an amulet of regeneration (around neck)
 X - a ring of poison resistance (right hand)
Wands
 o - a wand of roots (2)
 G - a wand of quicksilver (10)
 J - a wand of mindburst (15)
 L - a wand of paralysis (20)
 O - a wand of flame (10)
Scrolls
 d - a scroll of silence
 f - 2 scrolls of immolation
 i - 3 scrolls of poison
 k - 4 scrolls of fog
 l - 2 scrolls of enchant armour
 x - 5 scrolls of blinking
 B - 5 scrolls of noise
 K - 4 scrolls of vulnerability
 P - 4 scrolls of fear
 U - 5 scrolls of teleportation
 Y - 7 scrolls of magic mapping
Potions
 c - 10 potions of curing
 e - 4 potions of haste
 j - 4 potions of magic
 m - 3 potions of heal wounds
 v - 5 potions of mutation
 z - 2 potions of flight
 E - 5 potions of resistance
 F - 3 potions of attraction
 M - 3 potions of might
 Q - 4 potions of brilliance
 R - 2 potions of ambrosia
 S - 4 potions of lignification
 W - 2 potions of invisibility
Miscellaneous
 n - a phial of floods
 D - a lightning rod (3/4)


   Skills:
 - Level 10.0(15.0) Fighting
 - Level 18.0(23.0) Axes
 * Level 14.4(19.4) Ranged Weapons
 - Level 15.0(20.0) Armour
 - Level 2.0(7.0) Dodging
 - Level 5.0(10.0) Shields
 - Level 1.0 Spellcasting
 + Level 10.3 Hexes
 - Level 10.0 Invocations
 - Level 5.0 Evocations


You had 7 spell levels left.
You knew the following spells:

 Your Spells              Type           Power      Damage    Failure   Level
a - Slow                  Hex            100%       N/A       1%          1
b - Ensorcelled Hibernat  Hex/Ice        36%        N/A       22%         2
c - Cause Fear            Hex            17%        N/A       17%         4
d - Inner Flame           Hex/Fire       18%        N/A       38%         3

Your spell library contained the following spells:

 Spells                   Type           Power      Damage    Failure   Level
 Dazzling Flash           Conj/Hex       36%        N/A       38%         3
 Portal Projectile        Hex/Tloc       36%        N/A       38%         3
 Freeze                   Ice            0%         1d3       75%         1
 Sandblast                Erth           0%         2d4       75%         1
 Anguish                  Hex/Necr       9%         N/A       80%         4
 Passwall                 Tmut/Erth      0%         N/A       86%         2
 Frozen Ramparts          Ice            0%         1d1       98%         3
 Hailstorm                Conj/Ice       0%         3d3       98%         3
 Spider Form              Tmut/Pois      0%         N/A       98%         3
 Stone Arrow              Conj/Erth      0%         3d7       98%         3
 Vhi's Electric Charge    Tloc/Air       0%         N/A       98%         3
 Silence                  Hex/Air        9%         N/A       98%         5
 Agony                    Necr           0%         N/A       100%        5
 Arcjolt                  Conj/Air       0%         1d10      100%        5
 Borgnjor's Vile Clutch   Necr/Erth      0%         N/A       100%        5
 Borgnjor's Revivificati  Necr           0%         N/A       100%        8
 Discord                  Hex            17%        N/A       100%        8
 Maxwell's Capacitive Co  Air            0%         ∞         100%        8
 Necromutation            Tmut/Necr      0%         N/A       100%        8
 Death's Door             Necr           0%         N/A       100%        9
 Animate Dead             Necr           Unusable   N/A       N/A         4
 Death Channel            Necr           Unusable   N/A       N/A         6

Dungeon Overview and Level Annotations

Branches:
Dungeon (15/15)            Temple (1/1) D:7            Lair (5/5) D:8
 Shoals (0/4) Lair:2        Snake (2/4) Lair:2        Slime (0/5) Lair:5
    Orc (2/2) D:12            Elf (0/3) Orc:2        Vaults (0/5) D:14
 Depths (0/4) D:15

Altars:
Ashenzari
Cheibriados
Dithmenos
Elyvilon
Fedhas
Gozag
Hepliaklqana
Kikubaaqudgha
Makhleb
Nemelex Xobeh
Okawaru
Qazlal
Ru
Sif Muna
Trog
Uskayaw
Vehumet
Wu Jian
Xom
Yredelemnul
Zin
The Shining One
Beogh
Jiyva

Shops:
D:6 [=?[*   Orc:2 [?=[?   Snake:1 (

Annotations:
D:13 come back with digging


Innate Abilities, Weirdness & Mutations

You possess an exceptional clarity of mind.
Your flesh is cold resistant. (rC+)


Message History

Aim: a black mamba (poison gas, almost dead)
The thunderbolt hits the black mamba!
You kill the black mamba!
Okawaru accepts your kill.
The thunderbolt hits the salamander.
The salamander is heavily wounded.
You hear an angry hiss. x2; You hear a shout!
You hear an angry hiss.
The naga sharpshooter spits poison at you.
The splash of poison hits you.
You are poisoned.
You resist.
The salamander is engulfed in poison gas.
The salamander looks even sicker.
The naga warrior roars a battlecry!
The nagas go into a battle-frenzy!
The salamander is engulfed in poison gas.
The salamander looks as sick as possible!
The salamander shoots an arrow.
The arrow hits you but does no damage.
The salamander looks as sick as possible!
The salamander hits you from afar with a +3 trident!
* * * LOW HITPOINT WARNING * * *
You are engulfed in flames!
* * * LOW HITPOINT WARNING * * *
The salamander looks as sick as possible!
The salamander hits you from afar with a +0 halberd!
* * * LOW HITPOINT WARNING * * *
You are engulfed in flames!
* * * LOW HITPOINT WARNING * * *
The salamander is engulfed in poison gas.
The salamander looks as sick as possible!
The salamander hits you but does no damage.
You hear an angry hiss.
You feel much better.
You feel sick.
A black mamba comes into view. x2
The naga sharpshooter shoots a bolt.
The bolt hits you!
* * * LOW HITPOINT WARNING * * *
The naga warrior spits poison at you.
The splash of poison hits you but does no damage.
You resist. The naga hits you with a +0 dire flail!
You die...

###+###
##§§☼°§##
##○§°8.○☼##
##☼°§°○§.§.##
#§○8§N@○N8§○#
#○.§☼§.○○NN.○°#
☼°○§☼○N8☼N§§.!○
☼☼N°#☼....#§...
.8N #§§○.§# ☼8○
SN #○§8☼.# .○ S
#☼§§§☼# °
#○°.§°#


You could see a naga warrior (catching breath, reflecting), 2 naga
sharpshooters, 5 salamanders, 2 black mambas and a naga (strong).

Vanquished Creatures
  Rupert (Lair:4)
  Jorgrun (D:12)
  Gastronok (Lair:3)
  The ghost of Junemoh the Cleaver, a journeyman GrFi (Lair:3)
  The ghost of greenreed the Severer, a journeyman FoFi of Wu Jian (D:12)
  An ettin (D:15)
  Josephine (D:11)
  A salamander tyrant (Snake:2)
  The ghost of Sunibiam the Fighter, a journeyman GrFi of Okawaru (Lair:1)
  A fire dragon (D:14)
  3 catoblepae (Lair:5)
  11 hydras
  Erolcha (Orc:2)
  4 vault guards (D:14)
  4 anacondas
  3 death knights
  6 centaur warriors
  2 boulder beetles
  2 two-headed ogres
  6 death yaks (Lair:5)
  4 tengu warriors
  2 naga warriors (Snake:1)
  Urug (Orc:2)
  A shock serpent (Snake:1)
  3 orc high priests
  Nergalle (Orc:2)
  A sea snake (shapeshifter) (D:15)
  A deep troll (D:15)
  A skeletal warrior (D:12)
  A phantasmal warrior (D:12)
  A mana viper (Snake:1)
  A naga ritualist (Snake:1)
  2 necromancers (D:15)
  2 lindwurms
  2 orc knights
  4 deep elf pyromancers
  9 orc sorcerers (Orc:2)
  An oklob plant (Lair:1)
  3 ugly things
  4 manticores
  4 cyclopes
  12 elephants (Lair:5)
  2 guardian serpents (shapeshifter)
  17 black mambas
  2 naga magi (Snake:1)
  2 gargoyles
  19 cane toads
  7 rime drakes
  3 unseen horror zombies (D:9)
  A tengu conjurer (D:13)
  A freezing wraith (D:14)
  2 kobold demonologists
  2 unseen horrors
  A yaktaur (D:15)
  7 komodo dragons
  An efreet (D:15)
  7 trolls
  2 hornets
  6 meliai (D:15)
  A troll (shapeshifter) (D:14)
  24 blink frogs
  6 slime creatures (D:13)
  A blink frog (shapeshifter) (D:13)
  9 dream sheep (Lair:5)
  A centaur simulacrum (D:12)
  3 wyverns
  6 wraiths
  47 yaks
  A basilisk (shapeshifter) (D:14)
  3 steam dragons
  6 basilisks
  Menkaure (D:6)
  16 nagas
  3 wargs (Orc:1)
  2 acid dragons
  20 orc warriors
  11 water moccasins
  2 black bears
  2 sky beasts
  2 ice beasts
  9 ogres
  9 wolves
  9 centaurs
  2 phantoms
  3 kobold brigands
  2 gnoll sergeants
  12 bullfrogs
  5 scorpions
  4 necrophages
  7 wights
  16 killer bees
  An electric eel (Lair:4)
  2 centaur zombies
  2 howler monkeys
  2 jellies
  17 orc priests
  2 gnoll boudas
  4 hounds
  2 iguanas
  42 orc wizards
  2 howler monkey zombies (D:9)
  22 gnolls
  7 adders
  3 white imps
  An ufetubus (D:4)
  4 worms
  A dart slug (D:1)
  74 orcs
  6 ball pythons
  4 bats
  9 endoplasms
  5 giant cockroaches
  6 goblins
  7 hobgoblins
  4 jackals (D:1)
  2 quokkas
  7 frilled lizards
  10 kobolds
  7 rats
  A butterfly (D:7)
  15 fungi
  43 plants
754 creatures vanquished.

Notes
Turn   | Place    | Note
-------+----------+-------------------------------------------
     0 | D:1      | jfcaron the Hill Orc Hexslinger began the quest for the
                  | Orb.
     0 | D:1      | Reached XP level 1. HP: 16/16 MP: 2/2
    60 | D:1      | Reached XP level 2. HP: 18/23 MP: 3/3
   131 | D:1      | Learned a level 2 spell: Ensorcelled Hibernation
   417 | D:1      | Reached XP level 3. HP: 27/29 MP: 4/4
  1035 | D:2      | Reached skill level 1 in Armour
  1144 | D:2      | You fall into a shaft and drop 2 floors!
  1186 | D:3      | Found a shadowy altar of Dithmenos.
  1438 | D:3      | Reached XP level 4. HP: 36/36 MP: 5/5
  1444 | D:3      | Found a glowing golden altar of the Shining One.
  1735 | D:2      | Reached skill level 1 in Axes
  2414 | D:4      | Noticed a phantom
  2457 | D:3      | Killed a phantom
  2458 | D:3      | Reached skill level 2 in Axes
  2458 | D:3      | Reached XP level 5. HP: 24/41 MP: 6/6
  2856 | D:4      | HP: 6/41 [orc priest/+0 club (4)]
  2860 | D:4      | Reached skill level 3 in Axes
  3169 | D:4      | Reached XP level 6. HP: 43/48 MP: 7/7
  3299 | D:4      | Reached skill level 4 in Axes
  4207 | D:4      | Reached skill level 5 in Axes
  4352 | D:4      | Reached XP level 7. HP: 28/55 MP: 8/8
  4368 | D:4      | Reached skill level 6 in Axes
  4508 | D:5      | Entered Level 5 of the Dungeon
  4710 | D:5      | Reached skill level 7 in Axes
  4967 | D:5      | Reached skill level 1 in Shields
  5076 | D:5      | Reached XP level 8. HP: 40/61 MP: 9/9
  5238 | D:5      | Identified the +1 ring mail of the Tundras {Rampage rF-
                  | rC++ Slay+3}
  5398 | D:6      | Identified a scroll of acquirement
  5398 | D:6      | Acquired a +2 cloak of willpower
  5464 | D:6      | HP: 9/61 [orc warrior/+0 halberd (8)]
  5465 | D:6      | HP: 3/61 [orc warrior/+0 halberd (6)]
  5467 | D:6      | Reached skill level 8 in Axes
  5467 | D:6      | Reached skill level 5 in Armour
  5702 | D:6      | Found Hyapp's Antique Armour Boutique.
  5706 | D:6      | Bought a translucent helmet for 266 gold pieces
  5706 | D:6      | Identified the +2 helmet "Arech" {Dex+4 SInv} (You bought
                  | it in a shop on level 6 of the Dungeon)
  5843 | D:6      | Found Qoynoa's One-of-a-Kind Rings.
  5936 | D:6      | Found Namn's General Store.
  5937 | D:6      | Found Mukhli Beureu's Antique Armour Shop.
  5937 | D:6      | Found Fumeokki's Assorted Antiques.
  5943 | D:6      | Found Hefase's Magic Scroll Shop.
  6005 | D:6      | Bought a scroll of noise for 12 gold pieces
  6012 | D:6      | Bought a runed leather armour for 110 gold pieces
  6030 | D:6      | Noticed Menkaure
  6045 | D:6      | Killed Menkaure
  6046 | D:6      | Reached skill level 9 in Axes
  6541 | D:6      | Reached XP level 9. HP: 50/67 MP: 10/10
  6837 | D:6      | Reached skill level 10 in Axes
  7498 | D:7      | Noticed a hornet
  7512 | D:7      | Paralysed by a hornet for 3 turns
  7519 | D:7      | Killed a hornet
  7520 | D:7      | Reached skill level 11 in Axes
  7712 | D:6      | Bought 3 scrolls of identify for 72 gold pieces
  7750 | D:7      | Found a staircase to the Ecumenical Temple.
  7781 | Temple   | Entered the Ecumenical Temple
  7782 | Temple   | Upgraded the game from 0.30-a0-458-g86641cc369 to
                  | 0.30-a0-459-g9104f0fc43
  7788 | Temple   | Became a worshipper of Warmaster Okawaru
  7924 | D:7      | Reached skill level 5 in Shields
  8189 | D:7      | Found a burning altar of Makhleb.
  8428 | D:7      | Found a radiant altar of Vehumet.
  8757 | D:7      | Found a white marble altar of Elyvilon.
  9053 | D:7      | Reached * piety under Okawaru
  9054 | D:7      | Reached skill level 12 in Axes
  9397 | D:8      | Reached XP level 10. HP: 76/78 MP: 11/11
  9520 | D:8      | Gained mutation: You possess an exceptional clarity of
                  | mind. [potion of mutation]
  9520 | D:8      | Gained mutation: Your flesh is cold resistant. (rC+)
                  | [potion of mutation]
  9564 | D:8      | Found an ancient bone altar of Kikubaaqudgha.
  9649 | D:8      | Found a shimmering altar of Xom.
  9929 | D:8      | Found a shimmering blue altar of Sif Muna.
 10194 | D:8      | Found a staircase to the Lair.
 10234 | D:8      | Reached skill level 13 in Axes
 10408 | D:8      | Found a hazy altar of Hepliaklqana.
 10682 | D:8      | Reached skill level 1 in Invocations
 10705 | D:8      | Reached ** piety under Okawaru
 10746 | D:9      | Reached skill level 5 in Fighting
 11037 | D:6      | Bought 2 scrolls of blinking for 180 gold pieces
 11040 | D:6      | Bought 5 stones for 7 gold pieces
 11321 | D:9      | Found a snail-covered altar of Cheibriados.
 11467 | D:9      | Reached *** piety under Okawaru
 11468 | D:9      | Reached skill level 14 in Axes
 11658 | D:10     | Entered Level 10 of the Dungeon
 11750 | D:10     | Paralysed by a hornet for 2 turns
 12026 | D:10     | Noticed a gargoyle
 12034 | D:10     | Killed a gargoyle
 12035 | D:10     | Reached XP level 11. HP: 84/89 MP: 14/14
 12869 | D:11     | Noticed Josephine
 12879 | D:11     | Killed Josephine
 12879 | D:11     | Reached **** piety under Okawaru
 12884 | D:11     | Reached skill level 5 in Invocations
 12909 | D:11     | Reached skill level 15 in Axes
 13133 | D:11     | Reached ***** piety under Okawaru
 13262 | D:11     | Noticed a two-headed ogre
 13275 | D:11     | Noticed a soul eater
 13295 | D:11     | Killed a two-headed ogre
 13295 | D:11     | Received a gift from Okawaru
 13577 | Lair:1   | Entered Level 1 of the Lair of Beasts
 13591 | Lair:1   | Found a transporter.
 13601 | Lair:1   | Noticed an eight-headed hydra
 13615 | Lair:1   | Killed an eight-headed hydra
 13962 | Lair:1   | Reached skill level 16 in Axes
 13967 | Lair:1   | Reached skill level 10 in Armour
 13986 | Lair:1   | Reached XP level 12. HP: 83/102 MP: 17/17
 14074 | Lair:1   | Found a shimmering altar of Xom.
 14243 | Lair:1   | Noticed a four-headed hydra
 14246 | Lair:1   | Found a transporter.
 14270 | Lair:1   | Identified the +0 buckler of Imperfection {Int+2} (Okawaru
                  | gifted it to you on level 1 of the Lair of Beasts)
 14270 | Lair:1   | Received a gift from Okawaru
 14334 | Lair:1   | Noticed Sunibiam's ghost (journeyman GrFi)
 15213 | Lair:2   | Reached skill level 1 in Evocations
 15297 | Lair:2   | Found a staircase to the Snake Pit.
 15678 | D:6      | Bought a pair of embroidered gloves for 210 gold pieces
 15958 | Lair:2   | Found a staircase to the Shoals.
 16006 | Lair:2   | Noticed an eight-headed hydra
 16023 | Lair:2   | Killed an eight-headed hydra
 16206 | Lair:2   | Noticed a four-headed hydra
 16220 | Lair:2   | Killed a four-headed hydra
 16885 | Lair:3   | Found a runed translucent gate.
 16885 | Lair:3   | Noticed an eight-headed hydra
 16896 | Lair:3   | Killed an eight-headed hydra
 16897 | Lair:3   | Reached skill level 5 in Hexes
 16901 | Lair:3   | Found a runed translucent gate.
 16902 | Lair:3   | Found a runed translucent gate.
 16902 | Lair:3   | Noticed a ten-headed hydra
 16907 | Lair:3   | Noticed Junemoh's ghost (journeyman GrFi)
 16907 | Lair:3   | Noticed a ten-headed hydra
 16926 | Lair:3   | Identified the +3 pair of gloves of the Catamount {rC- rN+
                  | Regen+}
 17016 | Lair:3   | Noticed a four-headed hydra
 17028 | Lair:3   | Killed a four-headed hydra
 17054 | Lair:3   | Noticed a seven-headed hydra
 17068 | Lair:3   | Killed a seven-headed hydra
 17069 | Lair:3   | Reached XP level 13. HP: 103/113 MP: 19/19
 17136 | Lair:3   | Reached skill level 10 in Fighting
 17184 | Lair:3   | Noticed Gastronok
 17208 | Lair:3   | Killed Gastronok
 17208 | Lair:3   | Identified the +1 buckler of the Black Skies {rC+ Will+++
                  | Dex-4 SInv} (Okawaru gifted it to you on level 3 of the
                  | Lair of Beasts)
 17208 | Lair:3   | Received a gift from Okawaru
 17209 | Lair:3   | Reached skill level 5 in Ranged Weapons
 17520 | Lair:4   | Noticed Rupert
 17546 | Lair:4   | Killed Rupert
 17554 | Lair:4   | Reached skill level 10 in Invocations
 18211 | Lair:4   | Reached skill level 5 in Evocations
 18216 | Lair:4   | Identified the +1 pair of gloves of Mental Paralysis {rC+}
 18899 | Lair:5   | Entered Level 5 of the Lair of Beasts
 18922 | Lair:5   | Identified the +2 pair of boots "Zobuzi" {Int+6} (Okawaru
                  | gifted it to you on level 5 of the Lair of Beasts)
 18922 | Lair:5   | Received a gift from Okawaru
 18981 | Lair:5   | Learned a level 4 spell: Cause Fear
 18985 | Lair:5   | Learned a level 3 spell: Inner Flame
 19017 | Lair:5   | Identified the ring of Dedweb {+Blink Will+ Int+2 Stlth+}
 19197 | Lair:5   | Reached XP level 14. HP: 93/121 MP: 21/21
 19457 | Lair:5   | Found a viscous altar of Jiyva.
 19457 | Lair:5   | Found a staircase to the Slime Pits.
 19795 | Lair:5   | Identified the +11 hand crossbow of Xobua {vorpal, rC+}
                  | (Okawaru gifted it to you on level 5 of the Lair of Beasts)
 19795 | Lair:5   | Received a gift from Okawaru
 20058 | Lair:5   | Reached ****** piety under Okawaru
 20454 | Lair:3   | Received a gift from Okawaru
 20466 | Lair:3   | Killed Junemoh's ghost
 20477 | Lair:3   | Identified the +4 war axe of Elumaez {elec, *Rage rPois
                  | Will++}
 20724 | Lair:1   | Reached skill level 17 in Axes
 20785 | Lair:1   | Killed Sunibiam's ghost
 21029 | D:12     | Found a transporter.
 21033 | D:12     | Found a transporter.
 21034 | D:12     | Noticed greenreed's ghost (journeyman FoFi)
 21056 | D:12     | Reached skill level 10 in Ranged Weapons
 21108 | D:12     | Found a staircase to the Orcish Mines.
 21298 | D:12     | Noticed Jorgrun
 21310 | D:12     | Killed Jorgrun
 21369 | D:12     | Found a roughly hewn altar of Beogh.
 21578 | D:12     | Identified the +11 rapier of Spontaneous Combustion {flame,
                  | rElec rCorr Int-2 Dex+3}
 21677 | Orc:1    | Entered Level 1 of the Orcish Mines
 21685 | Orc:1    | Reached XP level 15. HP: 126/126 MP: 22/22
 21707 | Orc:1    | Received a gift from Okawaru
 21708 | Orc:1    | HP: 20/126 [poisoned by an orc knight]
 21711 | D:12     | HP: 8/126 [poisoned by an orc knight]
 21716 | D:12     | HP: 8/126 [poisoned by an orc knight]
 21721 | D:12     | HP: 13/126 [poisoned by an orc knight]
 21844 | Orc:1    | Found a roughly hewn altar of Beogh.
 21939 | Orc:2    | Entered Level 2 of the Orcish Mines
 21981 | Orc:2    | Noticed Urug
 22006 | Orc:2    | Killed Urug
 22186 | Orc:2    | Received a gift from Okawaru
 22237 | Orc:2    | Found a staircase to the Elven Halls.
 22641 | Orc:2    | Found Hianuoth's Magic Scroll Emporium.
 23204 | Orc:2    | Reached skill level 18 in Axes
 23368 | Orc:2    | Found Ihith's Antique Armour Emporium.
 23446 | Orc:2    | Noticed Nergalle
 23467 | Orc:2    | Killed Nergalle
 23471 | Orc:2    | Found an ancient bone altar of Kikubaaqudgha.
 23486 | Orc:2    | Found Odeschuli's Jewellery Shoppe.
 23500 | Orc:2    | Noticed Erolcha
 23505 | Orc:2    | Killed Erolcha
 23506 | Orc:2    | Found a radiant altar of Vehumet.
 23576 | Orc:2    | Found a roughly hewn altar of Beogh.
 23576 | Orc:2    | Found Eckofaijo's Magic Scroll Shoppe.
 23632 | Orc:2    | Found Niokko Hyfi's Antique Armour Emporium.
 23652 | Orc:2    | Bought a slimy plate armour for 924 gold pieces
 23652 | Orc:2    | Identified the +5 plate armour of the Poles {rCorr} (You
                  | bought it in a shop on level 2 of the Orcish Mines)
 23678 | Orc:2    | Bought a scroll of blinking for 112 gold pieces
 23678 | Orc:2    | Bought a scroll of blinking for 112 gold pieces
 23678 | Orc:2    | Bought a scroll of fear for 60 gold pieces
 23678 | Orc:2    | Bought a scroll of teleportation for 45 gold pieces
 23740 | Orc:2    | Bought a scroll of fog for 72 gold pieces
 24001 | D:13     | Identified the +9 executioner's axe "Joofah" {drain, rC+
                  | Int+2} (Okawaru gifted it to you on level 13 of the
                  | Dungeon)
 24001 | D:13     | Received a gift from Okawaru
 24265 | D:13     | Identified the +1 pair of boots "Dicyugoh" {Contam +Blink
                  | Str+9 Int+2}
 24459 | D:13     | Found a glowing silver altar of Zin.
 25221 | D:14     | Found a gate to the Vaults.
 25252 | D:14     | Received a gift from Okawaru
 25293 | D:14     | HP: 18/126 [vault guard/+0 great sword (14)]
 26367 | D:15     | Entered Level 15 of the Dungeon
 26382 | D:15     | Reached XP level 16. HP: 119/134 MP: 23/23
 26561 | D:15     | Reached skill level 15 in Armour
 26736 | D:15     | Found a staircase to the Depths.
 27178 | D:12     | Killed greenreed's ghost
 27386 | Snake:1  | Entered Level 1 of the Snake Pit
 27826 | Snake:1  | Found Nuptuomn's Weapon Shop.
 28056 | Snake:1  | Reached skill level 10 in Hexes
 28704 | Snake:2  | HP: 24/134 [salamander/+3 trident (14)]
 28704 | Snake:2  | HP: 3/134 [salamander/+0 halberd (14)]
 28705 | Snake:2  | Mangled by a naga

Illustrated notes

Levels and vault maps discovered:
D:1:      saegor_arrival_simple_d, layout_loops_ring
D:2:      layout_rooms, minmay_pentomino_s2
D:3:      layout_basic, grunt_dithmenos_smoke_and_mirrors,
          mainiacjoe_overflow_tiny_flanked
D:4:      layout_basic, kennysheep_big_empty_room, dk_noncrumbling_3,
          minivault_23, lightli_minifort
D:5:      layout_rooms
D:6:      kennysheep_steamy, layout_gridville, serial_shops, shop,
          minmay_shop_grid_forest, nicolae_shop_unique_rings, uniq_menkaure
D:7:      layout_basic, makhleb_heckhound_becter, nicolae_overflow_squiral,
          minmay_temple_entry_butterflies, minivault_19
D:8:      layout_loops_ring, lemuel_tele_altar, nzn_hepliaklqana_mist_gate,
          tgw_sif, mainiacjoe_overflow_alcove_1, david_lair_shrubbed,
          minmay_misc_feat_ornament
D:9:      layout_cave_pools, mainiacjoe_overflow_surrounded_room, serial_undead,
          serial_undead_a, serial_undead_b, serial_undead_a, serial_undead_b,
          serial_undead_f
D:10:     layout_loops_corners
D:11:     layout_roguey, uniq_josephine
D:12:     layout_roguey, minmay_orc_entry_temple_small,
          gammafunk_ghost_mausoleum, kennysheep_generic_room_10, uniq_jorgrun
D:13:     layout_basic, zin_scriptorium
D:14:     layout_layer_cave, lightli_vaults_fourway_checkpoint
D:15:     hangedman_depths_entry_civil_slaughter, layout_loops_ring
Temple:   nicolae_temple_no_exploring_needed
Lair:1:   layout_regular_city, nzn_ghost_randoct, lemuel_oklob_altar,
          serial_bayou_shore_a
Lair:2:   layout_roguey, elwin_shoals_entry_rocks, guppyfry_snake_entry_garden,
          beast_lair_carwin_9, lemuel_fruit_tree
Lair:3:   layout_hall_layers, gammafunk_ghost_hydra_chop, uniq_gastronok
Lair:4:   layout_regular_city, wad_woods_river_02, hibernation_bobbens,
          uniq_rupert
Lair:5:   evilmike_catoblepas_cave, layout_long_grid, slime_entry_1,
          nicolae_lair_lil_pond, nicolae_lair_grove_arrangements
Snake:1:  layout_grid_maze, serial_shops, nicolae_shop_statue_plus
Snake:2:  layout_rooms, minmay_snake_pond, grunt_megastairs_3, uniq_saint_roka
Orc:1:    layout_caves, basic_altar
Orc:2:    kennysheep_orc_mage_school, layout_caves, serial_shops,
          nicolae_shop_stone, guppyfry_library_mini, uniq_urug

Skill      XL: |  1  2  3  4  5  6  7  8  9 10 11 12 13 14 15 16 |
---------------+-------------------------------------------------+-----
Ranged Weapons | 2 3 4 7 10 12 14 | 14.4
Armour         | 1 2 3 4 6 7 8 10 11 12 13 14 15 | 15.0
Dodging        | 2 |  2.0
Fighting       | 2 3 6 8 9 10 | 10.0
Axes           | 2 3 5 7 9 12 14 16 17 18 | 18.0
Shields        | 1 3 5 |  5.0
Invocations    | 4 7 9 10 | 10.0
Evocations     | 3 5 |  5.0
Hexes          | 5 7 8 10 | 10.3
Spellcasting   | |  1.0

Action                   |  1- 3 |  4- 6 |  7- 9 | 10-12 | 13-15 | 16-18 || total
-------------------------+-------+-------+-------+-------+-------+-------++-------
Melee: War axe           |       |     5 |    79 |   554 |   512 |       ||  1150
       Hand axe          |       |    66 |   361 |       |       |       ||   427
       Flail             |       |       |       |     1 |       |       ||     1
       Broad axe         |       |       |       |       |   390 |   209 ||   599
 Fire: Sling             |   148 |   164 |   199 |   312 |   174 |       ||   997
       Hand crossbow     |       |       |       |       |   309 |   132 ||   441
Throw: Dart              |       |     1 |    12 |     1 |     3 |     1 ||    18
       Throwing net      |       |       |     1 |       |       |       ||     1
       Stone             |       |       |       |    23 |       |       ||    23
       Boomerang         |       |       |       |    23 |    46 |       ||    69
 Cast: Slow              |       |       |     1 |     1 |       |       ||     2
Invok: Heroism           |       |       |       |     6 |     6 |     3 ||    15
       Finesse           |       |       |       |       |     2 |     2 ||     4
Evoke: Wand              |       |       |     3 |    10 |     4 |     4 ||    21
       Lightning rod     |       |       |       |       |       |     1 ||     1
  Use: Scroll            |     4 |     3 |     7 |    12 |     6 |     1 ||    33
       Potion            |       |     3 |     2 |     1 |     4 |     2 ||    12
 Stab: Paralysed         |       |       |       |     2 |       |     2 ||     4
       Petrified         |       |       |       |       |     9 |       ||     9
Armor: Robe              |     9 |       |       |       |       |       ||     9
       Leather armour    |     9 |       |   142 |       |       |       ||   151
       Ring mail         |     1 |    46 |    81 |       |       |       ||   128
       Chain mail        |       |    58 |       |       |       |       ||    58
       Steam dragon scal |       |       |     3 |   317 |   389 |       ||   709
       Plate armour      |       |       |       |       |   257 |   242 ||   499
Dodge: Dodged            |    33 |    80 |   249 |   339 |   419 |    94 ||  1214
Block: Buckler           |       |       |   142 |   430 |   388 |    80 ||  1040
       Reflection        |       |       |       |     5 |     1 |       ||     6

Table legend: (Time is in decaauts)
 A = Elapsed time spent in this place.
 B = Non-inter-level travel time spent in this place.
 C = Inter-level travel time spent in this place.
 D = Time resting spent in this place.
 E = Time spent auto-exploring this place.
 F = Levels seen in this place.
 G = Mean time per level.
                   A        B        C        D        E       F      G
               +--------+--------+--------+--------+--------+-----+--------+
         Total |  28672 |  25597 |   3075 |   3730 |  15696 |  25 | 1146.9 |
       Dungeon |  18650 |  16615 |   2035 |   2583 |  10403 |  15 | 1243.3 |
        Temple |     14 |      1 |     13 |      0 |      0 |   1 |   14.0 |
          Lair |   6661 |   5830 |    831 |    602 |   3470 |   5 | 1332.2 |
     Snake Pit |   1324 |   1317 |      7 |     63 |    959 |   2 |  662.0 |
  Orcish Mines |   2021 |   1834 |    187 |    481 |    864 |   2 | 1010.5 |
               +--------+--------+--------+--------+--------+-----+--------+

Top non-repeatable levels by time:
     D:6: 2127 daAuts
     D:4: 2045 daAuts
     D:8: 1914 daAuts
  Lair:1: 1885 daAuts
     D:7: 1711 daAuts
   Orc:2: 1467 daAuts
    D:14: 1451 daAuts
  Lair:5: 1380 daAuts
 Snake:1: 1312 daAuts
    D:10: 1254 daAuts
  Lair:2: 1212 daAuts
    D:13: 1157 daAuts
  Lair:4: 1151 daAuts
     D:3: 1111 daAuts
  Lair:3: 1032 daAuts
